AoeStats
← egon

Hideout

503145342Analyzed
2v2 RM · 2mo ago on Aug 30, 2026· 70m 5s· 4 players
Game mode
Random Map
Map size
Medium (4 player)
Population
200
Speed
Normal
Resources
Standard
Victory
Conquest
Starting age
Dark Age
Ending age
Imperial Age
RankedLock teamsTeams togetherTeam positionsShared explorationLock speedFull tech treeHidden civsTurbo modeCheats
Victory
Defeat
🇬🇧 Mongols · United Kingdom
946
+23
🇺🇸 Magyars · United States
901
+19
vs
🇩🇪 Teutons · Germany
965
-18
🇩🇪 Slavs · Germany
951
-17
rettet_den_Wald
4:16 Loom
13:21 Feudal Age
14:22 Horse Collar
14:31 Double-Bit Axe
19:00 Castle Age
18:50 Stone Mining
18:52 Gold Mining
20:19 Bow Saw
23:10 Heavy Plow
24:02 Gold Shaft Mining
24:52 Scale Mail Armor
30:20 Wheelbarrow
31:33 Pikeman
32:14 Squires
33:33 Hand Cart
36:24 Imperial Age
33:39 Light Cavalry
34:38 Bloodlines
34:30 Husbandry
39:18 Conscription
39:08 Scale Barding Armor
39:14 Forging
40:18 Town Watch
40:27 Hussar
41:43 Caravan
41:44 Elite Boyar
42:38 Druzhina
43:52 Chain Barding Armor
45:01 Chain Mail Armor
46:01 Plate Barding Armor
46:03 Iron Casting
48:10 Two-Man Saw
47:46 Crop Rotation
47:04 Halberdier
48:39 Hoardings
49:54 Plate Mail Armor
49:50 Man-at-Arms
51:41 Blast Furnace
52:37 Long Swordsman
53:15 Two-Handed Swordsman
53:55 Champion
56:00 Fletching
56:11 Padded Archer Armor
55:50 Elite Skirmisher
57:24 Heavy Scorpion
60:31 Detinets
62:31 Bodkin Arrow
62:52 Leather Archer Armor
63:26 Ballistics
64:08 Chemistry
63:20 Masonry
65:41 Ring Archer Armor
66:04 Onager
egon
5:16 Loom
12:28 Feudal Age
17:28 Castle Age
19:35 Wheelbarrow
18:48 Double-Bit Axe
18:43 Horse Collar
20:03 Wheelbarrow
20:59 Bow Saw
20:50 Heavy Plow
22:02 Wheelbarrow
22:26 Town Watch
22:41 Gold Mining
22:42 Stone Mining
25:56 Stone Shaft Mining
29:32 Hand Cart
30:08 Caravan
30:03 Elite Skirmisher
32:22 Fletching
32:33 Padded Archer Armor
35:11 Bodkin Arrow
35:31 Leather Archer Armor
35:26 Forging
35:22 Scale Barding Armor
35:17 Scale Mail Armor
36:02 Bloodlines
38:38 Imperial Age
36:10 Town Patrol
36:28 Masonry
36:28 Fortified Wall
36:38 Ballistics
36:27 Pikeman
37:09 Squires
38:51 Guard Tower
39:25 Chain Barding Armor
39:40 Iron Casting
39:21 Chain Mail Armor
40:23 Two-Man Saw
39:54 Crop Rotation
39:56 Ring Archer Armor
40:27 Chemistry
38:50 Cavalier
39:52 Conscription
40:18 Hoardings
41:10 Plate Barding Armor
40:46 Paladin
42:29 Devotion
42:49 Sanctity
42:44 Arrowslits
43:35 Keep
43:21 Bombard Tower
43:07 Siege Engineers
44:12 Blast Furnace
43:28 Chain Mail Armor
44:03 Crenellations
44:09 Ironclad
46:52 Plate Mail Armor
62:24 Heavy Scorpion
Dayman
9:16 Feudal Age
13:25 Loom
17:04 Castle Age
15:44 Double-Bit Axe
17:11 Stone Mining
17:08 Horse Collar
20:02 Bow Saw
23:41 Heavy Plow
25:56 Town Watch
26:20 Gold Mining
27:47 Wheelbarrow
29:15 Fletching
29:45 Hand Cart
30:39 Thumb Ring
30:47 Bloodlines
30:37 Husbandry
33:22 Imperial Age
31:17 Bodkin Arrow
31:23 Padded Archer Armor
31:41 Bloodlines
32:22 Gold Shaft Mining
32:53 Husbandry
33:38 Capped Ram
34:31 Bracer
34:47 Leather Archer Armor
34:42 Elite Mangudai
36:30 Stone Mining
36:56 Siege Ram
38:31 Town Patrol
39:22 Drill
39:41 Parthian Tactics
40:42 Onager
42:48 Siege Onager
46:01 Ballistics
46:42 Chemistry
45:26 Light Cavalry
46:16 Hussar
47:10 Forging
47:01 Scale Mail Armor
47:07 Scale Barding Armor
56:13 Pikeman
56:55 Squires
57:32 Iron Casting
57:19 Chain Barding Armor
57:00 Scale Mail Armor
57:44 Elite Skirmisher
59:01 Caravan
_oLeeC TTV
10:05 Feudal Age
10:37 Double-Bit Axe
19:13 Castle Age
18:53 Bloodlines
18:56 Scale Barding Armor
19:33 Loom
20:45 Bow Saw
21:54 Husbandry
21:21 Light Cavalry
23:23 Chain Barding Armor
25:21 Horse Collar
27:30 Fletching
30:46 Wheelbarrow
35:16 Imperial Age
32:49 Bodkin Arrow
35:27 Heavy Cavalry Archer
36:44 Hussar
37:36 Padded Archer Armor
38:30 Conscription
38:20 Recurve Bow
42:16 Plate Barding Armor
41:41 Bracer
41:57 Leather Archer Armor
42:54 Parthian Tactics
42:59 Corvinian Army
44:18 Ballistics
46:06 Caravan
47:31 Elite Magyar Huszar
48:47 Heavy Plow
52:34 Chemistry
52:29 Hand Cart
53:14 Thumb Ring
67:13 Capped Ram
Connection lost

Rejoining the realm…

Still unreachable

The connection could not be restored.

Session expired

The server has moved on; the page needs a fresh start.